 Dungeon Crawl Stone Soup version 0.17.0-1-g61d176b (console) character file.

22 gw the Ducker (level 2, -4/15 HPs)
             Began as a Spriggan Gladiator on Nov 8, 2015.
             Slain by a gnoll
             ... wielding a +0 spear
              (8 damage)
             ... on level 1 of the Dungeon.
             The game lasted 00:00:50 (829 turns).

gw the Ducker (Spriggan Gladiator)                   Turns: 829, Time: 00:00:50

Health: -4/15      AC:  2    Str: 11    XL:     2   Next: 68%
Magic:  3/3        EV: 20    Int:  9    God:
Gold:   32         SH:  0    Dex: 16    Spells: 0 memorised, 1 level left

rFire  . . .     SeeInvis +     a - +0 club
rCold  . . .     Clarity  .     f - +0 robe {rN+}
rNeg   + . .     SustAt   .     (shield restricted)
rPois  .         Gourm    .     c - +0 hat
rElec  .         Spirit   .     (no cloak)
rCorr  .         Warding  .     (gloves unavailable)
rMut   .         Stasis   .     (boots unavailable)
MR     .....                    (no amulet)
Stlth  +.........               (no ring)
                                (no ring)

@: very quick, not resistant to hostile enchantments, very unstealthy
A: unfitting armour, see invisible, herbivore 3, speed 3, slow metabolism 2
a: no special abilities


You were on level 1 of the Dungeon.
You were not hungry.

You visited 1 branch of the dungeon, and saw 1 of its levels.

You collected 32 gold pieces.

Inventory:

Hand Weapons
 a - a +0 club (weapon)
Missiles
 d - 3 throwing nets
Armour
 c - a +0 hat (worn)
 f - a +0 robe of positive energy (worn)
Comestibles
 e - 3 bread rations


   Skills:
 + Level 2.0 Fighting
   Level 3.2 Short Blades
 * Level 0.1 Maces & Flails
 - Level 2.0 Throwing
 + Level 5.3 Dodging


You had one spell level left.
You didn't know any spells.

Dungeon Overview and Level Annotations

Branches:
Dungeon (1/15)

Altars:
Ashenzari


Innate Abilities, Weirdness & Mutations

You are tiny and cannot use many weapons and most armour.
You have supernaturally acute eyesight.
You are a herbivore.
You cover ground extremely quickly.
You need consume almost no food.


Message History

The gnoll is almost dead.
The gnoll completely misses you.
Unknown command.
Unknown command.
Unknown command.
Unknown command.
ATTACK MOVE TO (1,1)
You hit the gnoll but do no damage.
The gnoll is almost dead.
The gnoll misses you.
Unknown command.
Unknown command.
Unknown command.
Unknown command.
ATTACK MOVE TO (1,1)
You hit the gnoll.
The gnoll is almost dead.
The gnoll hits you with a spear!
Ouch! That really hurt!
You die...

#....#P.P##.#.....
#.)###...#......#
#.......##..#...####
#..##..!#!.........#
#..##..............#
#....#.###.........#
#.......#####...####
#.....!.# ###...###
#.......###.?...i.#
#............#.##g#
#.!..........#.# .#
#..............# .#
#...[........####.#
########..........#
###.######## #.# #.#


You could see a gnoll.

Table legend:
 A = Turns spent in this place as a percentage of turns spent in the entire game.
 B = Non-inter-level travel turns spent in this place as a percentage of non-inter-level travel turns spent in the entire game.
 C = Inter-level travel turns spent in this place as a percentage of turns spent in this place.
 D = Turns resting spent in this place as a percentage of non-inter-level travel turns spent in this place.
 E = Turns spent auto-exploring this place as a percentage of non-inter-level travel turns spent in this place.
 F = Non-inter-level travel turns spent in this place divided by the number of levels of this place that you've seen.
                   A       B       C       D       E      F
               +-------+-------+-------+-------+-------+----------------------
         Total | 100.0 | 100.0 |   0.0 |   0.8 |   2.0 | 1184.0
       Dungeon | 100.0 | 100.0 |   0.0 |   0.8 |   2.0 | 1184.0
               +-------+-------+-------+-------+-------+----------------------

Table legend:
 A = Kills in this place as a percentage of kills in entire the game.
 B = Kills by you in this place as a percentage of kills by you in the entire game.
 C = Kills by friends in this place as a percentage of kills by friends in the entire game.
 D = Other kills in this place as a percentage of other kills in the entire game.
 E = Experience gained in this place as a percentage of experience gained in the entire game.
 F = Experience gained in this place divided by the number of levels of this place that you have seen.
                   A       B       C       D       E      F
               +-------+-------+-------+-------+-------+----------------------
         Total | 100.0 | 100.0 |  -nan |  -nan | 100.0 |  32.0
       Dungeon | 100.0 | 100.0 |  -nan |  -nan | 100.0 |  32.0
               +-------+-------+-------+-------+-------+----------------------

Vanquished Creatures
  A gnoll (D:1)
  An ooze (D:1)
  2 hobgoblins (D:1)
  3 jackals (D:1)
  A bat (D:1)
  A kobold (D:1)
  A rat (D:1)
10 creatures vanquished.

Notes
Turn   | Place    | Note
--------------------------------------------------------------
     0 | D:1      | gw the Spriggan Gladiator began the quest for the Orb.
     0 | D:1      | Reached XP level 1. HP: 10/10 MP: 2/2
   123 | D:1      | Found a shattered altar of Ashenzari.
   304 | D:1      | Reached skill level 5 in Dodging
   304 | D:1      | Reached XP level 2. HP: 4/15 MP: 3/3
   829 | D:1      | Slain by a gnoll

Action                   || total
-------------------------++-------
Melee: Rapier            ||    20
       Club              ||    24

Vault maps used:
D:1:      eino_arrival_tree_alley, ashenzari_altar_1
